 Dungeon Crawl Stone Soup version 0.24.1-14-gf8d2b509d9 (console) character file.

Game seed: 11361047306910908507, levelgen mode: deterministic

87 Kagalorn the Skirmisher (level 4, 40/40 HPs)
             Began as a Minotaur Wanderer on July 16, 2020.
             Was a Follower of Sif Muna.
             Quit the game on level 2 of the Dungeon.
             The game lasted 00:03:54 (1973 turns).

Kagalorn the Skirmisher (Minotaur Wanderer)         Turns: 1973, Time: 00:03:55

Health: 40/40      AC:  2    Str: 18    XL:     4   Next: 28%
Magic:  4/4        EV: 12    Int: 11    God:    Sif Muna [*.....]
Gold:   51         SH:  0    Dex:  7    Spells: 3/3 levels left

rFire    . . .     SeeInvis .   a - +0 hand axe
rCold    . . .     Gourm    .   (no shield)
rNeg     . . .     Faith    .   d - +0 robe
rPois    .         Spirit   .   (helmet restricted)
rElec    .         Reflect  .   (no cloak)
rCorr    .         Harm     .   (no gloves)
MR       .....                  (no boots)
Stlth    +.........             (no amulet)
HPRegen  0.13/turn              (no ring)
MPRegen  0.09/turn              (no ring)

@: no status effects
A: retaliatory headbutt, horns 2
a: Channel Magic, Renounce Religion


You were on level 2 of the Dungeon.
You worshipped Sif Muna.
Sif Muna was aware of your devotion.
You were very hungry.

You visited 1 branch of the dungeon, and saw 2 of its levels.

You collected 51 gold pieces.

Inventory:

Hand Weapons
 a - a +0 hand axe (weapon)
Missiles
 e - 26 arrows
 h - 5 poisoned darts (quivered)
 i - 31 stones
Armour
 d - a +0 robe (worn)
Wands
 b - a wand of flame (15)
Scrolls
 c - a scroll of identify {unknown}
Potions
 g - a potion of haste {unknown}
 j - a potion of cancellation {unknown}
 k - a potion of curing {unknown}
Comestibles
 f - 4 rations


   Skills:
 + Level 4.1 Fighting
   Level 1.2 Long Blades
 * Level 3.1 Axes
 + Level 2.2 Armour
 + Level 2.8 Dodging
   Level 1.2 Shields
 + Level 1.6 Evocations


You had 3 spell levels left.
You didn't know any spells.
Your spell library was empty.

Dungeon Overview and Level Annotations

Branches:
Dungeon (2/15)

Altars:
Dithmenos
Ru
Sif Muna


Innate Abilities, Weirdness & Mutations

You reflexively headbutt those who attack you in melee.
You have a pair of horns on your head.


Message History

The kobold misses you. You furiously retaliate!
You headbutt the kobold!
You kill the kobold!
Sif Muna accepts your kill.
No target in view!
No target in view!
You see here a +0 whip.
You see here a mace.
There is a stone staircase leading down here.
Found a robe.
You see here a robe.
You are feeling very hungry.
You see here a frilled lizard skeleton.
You see here a frilled lizard skeleton.
There is an open door here.
There is an open door here.
There is an open door here.
There is an open door here.
Done exploring.
Done exploring.
Are you sure you want to abandon this character and quit the game? (Confirm with "yes".)

###'## ###....# ##...## ###.##
#.....## ##.# .......## ##..#
###### #
........####...##########....####
........'..)....................'
........####...######........####
.......## ##....## #.###)#.## #
#.....## #...@.# #.# #...#
##...## #.....# #.####..# ##'##
#.....# #.......# #.# ##...##
######.## ###.####### ##.## #.#
#.........# #.# #.# #....####.#
####### #.# #.....###.#


#PP.PP# #####.##### ..........####P..PP###P#.......# There were no monsters in
sight!

Vanquished Creatures
  5 adders (D:2)
  An ooze (D:2)
  A giant cockroach (D:1)
  9 goblins
  A hobgoblin (D:1)
  4 jackals
  3 bats (D:1)
  5 frilled lizards
  11 kobolds
  2 rats (D:1)
42 creatures vanquished.

Notes
Turn   | Place    | Note
-------+----------+-------------------------------------------
     0 | D:1      | Kagalorn the Minotaur Wanderer began the quest for the Orb.
     0 | D:1      | Kagalorn set off with the following items: a +0 falchion, a
                  | wand of flame (15), a +0 hand axe, a +0 robe, a ration
     0 | D:1      | Reached XP level 1. HP: 19/19 MP: 0/0
   116 | D:1      | Reached XP level 2. HP: 24/27 MP: 1/1
   443 | D:2      | Reached XP level 3. HP: 15/33 MP: 3/3
   690 | D:2      | Reached skill level 4 in Fighting
  1366 | D:2      | Found a faded altar of an unknown god.
  1373 | D:2      | Reached XP level 4. HP: 22/40 MP: 4/4
  1586 | D:2      | Became a worshipper of Sif Muna the Loreminder
  1586 | D:2      | Reached * piety under Sif Muna
  1648 | D:2      | Found a sacrificial altar of Ru.
  1745 | D:2      | Found a shadowy altar of Dithmenos.
  1973 | D:2      | Quit the game

Levels and vault maps discovered:
D:1:      eino_arrival_druids_welcome, layout_loops_cross, minmay_domino_4
D:2:      layout_loops_corners, nicolae_dithmenos_through_a_glass_darkly,
          chequers_ecumenical_altar_simple, bh_chokoban,
          nicolae_ru_the_path_less_chosen

Skill      XL: |  1  2  3 |
---------------+----------+-----
Axes           | 2 3 |  3.1
Fighting       | 4 |  4.1
Armour         | 2 |  2.2
Long Blades    | |  1.2
Dodging        | |  2.8
Shields        | |  1.2
Evocations     | |  1.6

Action                   |  1- 3 |  4- 6 || total
-------------------------+-------+-------++-------
Melee: Hand axe          |    94 |    13 ||   107
       Headbutt          |     2 |     3 ||     5
Throw: Dart              |     7 |       ||     7
  Eat: Chunk             |     2 |       ||     2
Armor: Robe              |    17 |     5 ||    22
Dodge: Dodged            |    63 |    11 ||    74
